 Dungeon Crawl Stone Soup version 0.14.2 (webtiles) character file.

160 Kairos the Covered (level 5, -2/28 HPs)
             Began as a Vine Stalker Fighter on June 1, 2018.
             Slain by Crazy Yiuf
             ... wielding a +3,+2 quarterstaff of chaos
              (10 damage)
             ... on Level 2 of the Dungeon on June 2, 2018.
             The game lasted 00:02:10 (1630 turns).

Kairos the Covered (Vine Stalker Fighter)           Turns: 1630, Time: 00:02:10

HP  -2/28        AC  6     Str 19      XL: 5   Next:  0%
MP   0/7         EV  6     Int  8      God:
Gold 44          SH 19     Dex 14      Spells:  0 memorised,  4 levels left

rFire  . . .     SeeInvis .     a - +0 war axe
rCold  . . .     Clarity  .     b - +0 scale mail
rNeg   . . .     Conserve .     c - +0 shield
rPois  .         rCorr    .     (no helmet)
rElec  .         rRot     +     (no cloak)
SustAb . .       Spirit   +     (no gloves)
rMut   .         Warding  .     (no boots)
Saprov . . .     Stasis   .     (no amulet)
MR     .....                    (no ring)
                                (no ring)

@: not resistant to hostile enchantments, extremely unstealthy
A: fangs 2, regeneration 1, magic shield, antimagic bite, no device heal
a: no special abilities


You were on level 2 of the Dungeon.
You were not hungry.

You visited 1 branch of the dungeon, and saw 2 of its levels.

You collected 44 gold pieces.

Inventory:

Hand weapons
 a - a +0,+0 war axe (weapon)
Armour
 b - a +0 scale mail (worn)
 c - a +0 shield (worn)
Magical devices
 m - a wand of invisibility (1)
Scrolls
 g - a scroll of remove curse {unknown}
 k - a scroll of identify {unknown}
 l - a scroll of teleportation {unknown}
Jewellery
 o - an uncursed ring of flight {unknown}
Potions
 e - 2 potions of might
 f - a potion of agility {unknown}
 h - a potion of cure mutation {unknown}
 i - 4 potions of heal wounds {unknown}
 j - a potion of brilliance {unknown}
 n - a potion of paralysis {unknown}


   Skills:
 + Level 3.1 Fighting
 + Level 2.3 Axes
 + Level 3.2 Armour
 + Level 1.3 Dodging
 + Level 0.3 Stealth
 + Level 3.2 Shields


You had 4 spell levels left.
You didn't know any spells.

Dungeon Overview and Level Annotations

Branches:
Dungeon (2/15)

Altars:

Annotations:
D:2 Crazy Yiuf


Innate Abilities, Weirdness & Mutations

You are immune to rotting.
You have extremely sharp teeth.
Your natural rate of healing is unusually fast.
When hurt, damage is shared between your health and your magic reserves.
Your bite disrupts and absorbs the magic of your enemies.
Potions and wands cannot restore your HP.


Message History

You hit Crazy Yiuf but do no damage. Your bite misses Crazy Yiuf.
Crazy Yiuf yells, "You!"
Crazy Yiuf hits you with a quarterstaff of chaos!
Crazy Yiuf burns you.
Crazy Yiuf hits you with a quarterstaff of chaos.
* * * LOW HITPOINT WARNING * * *
You are too injured to fight recklessly!
You are too injured to fight recklessly!
You are too injured to fight recklessly!
You are too injured to fight recklessly!
You are too injured to fight recklessly!
You are too injured to fight recklessly!
You hit Crazy Yiuf.
Crazy Yiuf is lightly wounded.
You block Crazy Yiuf's attack.
You barely miss Crazy Yiuf. You bite Crazy Yiuf. You drain his power.
You feel invigorated.
Crazy Yiuf is moderately wounded.
Crazy Yiuf hits you with a quarterstaff of chaos!
You die...

♣♣♣# ######### ### #♣
♣♣♣♣#### ........#
#)..#♣♣♣♣♣♣f.#.## ........#
#....g♣♣♣♣......# ........#
#♣@.♣..♣....# ........#
#♣♣♣.♣.f.#..# ........#
♣♣♣♣♣♣♣♣##.## ..#.....#
♣♣♣♣♣♣##.#
..#.....############ #.#
....#####..........#####%#
......................##.####
.##.##..............>.......#
.##.#####..##..#.........####


You could see Crazy Yiuf.

Vanquished Creatures
  Terence (D:2)
  4 adders (D:2)
  2 worms (D:2)
  2 oozes (D:1)
  7 bats
  5 giant cockroaches
  4 hobgoblins
  3 jackals (D:1)
  9 kobolds
  A quokka (D:2)
  2 giant newts
  6 goblins
  5 rats
  3 fungi (D:2)
54 creatures vanquished.

Notes
Turn   | Place    | Note
--------------------------------------------------------------
     0 | D:1      | Kairos, the Vine Stalker Fighter, began the quest for the Orb.
     0 | D:1      | Reached XP level 1. HP: 11/11 MP: 1/1
    95 | D:1      | Reached XP level 2. HP: 13/16 MP: 3/3
   446 | D:1      | Reached XP level 3. HP: 19/19 MP: 4/4
   562 | D:2      | Reached skill level 3 in Shields
   678 | D:2      | HP: 1/20 [poisoned by an adder]
   685 | D:2      | HP: 1/20 [poisoned by an adder]
   693 | D:2      | HP: 1/20 [poisoned by an adder]
   805 | D:2      | Noticed Terence
   820 | D:2      | Killed Terence
   820 | D:2      | Reached skill level 1 in Dodging
   820 | D:2      | Reached XP level 4. HP: 10/24 MP: 2/5
  1456 | D:2      | Reached XP level 5. HP: 26/28 MP: 7/7
  1621 | D:2      | Noticed Crazy Yiuf
  1630 | D:2      | Slain by Crazy Yiuf

Action                   |  1- 3 |  4- 6 || total
-------------------------+-------+-------++-------
Melee: War axe           |    85 |    72 ||   157
